 Dungeon Crawl Stone Soup version 0.29.1-1-gd02db6906a (webtiles) character file.

Game seed: 14052837733768629955

4896 raistware the Destroyer (level 10, -1/58 HPs)
             Began as an Octopode Conjurer on Sept 27, 2022.
             Was a Follower of Vehumet.
             Slain by a yak (13 damage)
             ... on level 9 of the Dungeon.
             The game lasted 00:28:45 (11056 turns).

raistware the Destroyer (Octopode Conjurer)        Turns: 11056, Time: 00:28:46

Health: -1/58      AC:  1    Str: 12    XL:     10   Next: 51%
Magic:  0/24       EV: 13    Int: 36    God:    Vehumet [*.....]
Gold:   435        SH:  5    Dex: 10    Spells: 15/26 levels left

rFire   + . .      SeeInvis .   D - +8 dagger of Pogruaha {speed, rPois rN+}
rCold   . . .      Faith    .   (no shield)
rNeg    + . .      Spirit   .   (helmet restricted)
rPois   +          Reflect  +   G - amulet of reflection
rElec   .          Harm     .   p - +6 ring of intelligence
rCorr   .          Rampage  .   q - +6 ring of intelligence
Will    .....                   n - +6 ring of strength
Stlth   +++.......              i - ring of flight
HPRegen 0.19/turn               (no ring)
MPRegen 0.19/turn               (no ring)
                                (no ring)
                                (no ring)

@: flying
A: almost no armour, amphibious, 8 rings, camouflage 1, gelatinous body 1,
(nimble swimmer 1), tentacles, clumsy 1, fire resistance 1, high MP 1, poison
resistance
a: Renounce Religion


You were on level 9 of the Dungeon.
You worshipped Vehumet.
Vehumet was aware of your devotion.
You visited 2 branches of the dungeon, and saw 10 of its levels.

You collected 435 gold pieces.

Inventory:

Hand Weapons
 t - a +2 short sword of electrocution
 D - the +8 dagger of Pogruaha (weapon) {speed, rPois rN+}
   (You found it on level 5 of the Dungeon)

   Attacks with this weapon are significantly faster.
   rPois:     It protects you from poison.
   rN:        It protects you from negative energy.
Missiles
 u - 30 poisoned darts
 C - a throwing net
Jewellery
 f - a ring of ice
 i - a ring of flight (on tentacle)
 n - a +6 ring of strength (on tentacle)
 p - a +6 ring of intelligence (left tentacle)
 q - a +6 ring of intelligence (right tentacle)
 B - the ring "Opural" {Fire rN+ Str+3 Dex+2}
   (You found it on level 8 of the Dungeon)

   [ring of fire]

   It enhances your fire magic.
   Str:       It affects your strength (+3).
   Dex:       It affects your dexterity (+2).
   rF:        It protects you from fire.
   rC:        It makes you vulnerable to cold.
   rN:        It protects you from negative energy.
 G - an amulet of reflection (around mantle)
Wands
 h - a wand of flame (1)
 r - a wand of acid (6)
 H - a wand of polymorph (6)
Scrolls
 g - 4 scrolls of teleportation
 m - 4 scrolls of butterflies
 o - 2 scrolls of blinking
 s - 2 scrolls of immolation
 v - a scroll of vulnerability
 x - a scroll of fear
 y - 4 scrolls of amnesia
 E - 5 scrolls of enchant armour
 F - a scroll of magic mapping
Potions
 a - a potion of magic
 b - 3 potions of heal wounds
 c - a potion of mutation
 d - 2 potions of attraction
 e - a potion of invisibility
 j - 2 potions of resistance
 k - 3 potions of cancellation
 l - a potion of brilliance
 w - 2 potions of might


   Skills:
 - Level 1.0 Fighting
 - Level 3.0 Dodging
 - Level 2.6 Stealth
 + Level 8.6 Spellcasting
 - Level 12.0 Conjurations
 - Level 2.0 Translocations
 + Level 2.2 Earth Magic
 - Level 1.0 Evocations


You had 15 spell levels left.
You knew the following spells:

 Your Spells              Type           Power      Damage    Failure   Level
a - Magic Dart            Conj           100%       1d8       1%          1
b - Iskenderun's Mystic   Conj/Tloc      60%        2d13      1%          4
c - Statue Form           Tmut/Erth      15%        N/A       95%         6

Your spell library contained the following spells:

 Spells                   Type           Power      Damage    Failure   Level
 Shock                    Conj/Air       100%       1d9       1%          1
 Searing Ray              Conj           100%       2d8       1%          2
 Static Discharge         Conj/Air       56%        3-10/arc  1%          2
 Dazzling Flash           Conj/Hex       100%       N/A       1%          3
 Beastly Appendage        Tmut           30%        N/A       2%          1
 Fulminant Prism          Conj/Hex       28%        3d14      2%          4
 Gell's Gravitas          Tloc           29%        N/A       3%          3
 Teleport Other           Tloc           29%        N/A       3%          3
 Wereblood                Tmut           15%        N/A       4%          2
 Lightning Bolt           Conj/Air       28%        1d44      6%          5
 Spider Form              Tmut/Pois      15%        N/A       9%          3
 Petrify                  Tmut/Erth      23%        N/A       17%         4
 Starburst                Conj/Fire      28%        6d9       34%         6
 Metabolic Englaciation   Hex/Ice        7%         N/A       58%         5
 Dispersal                Tloc           14%        N/A       88%         6
 Malign Gateway           Summ/Tloc      11%        N/A       100%        7
 Maxwell's Capacitive Co  Air            7%         ∞         100%        8
 Summon Horrible Things   Summ           7%         N/A       100%        8


Dungeon Overview and Level Annotations

Branches:
Dungeon (9/15)             Temple (1/1) D:6             Orc (0/2) D:9
   Lair: D:8-11

Altars:
Ashenzari
Cheibriados
Dithmenos
Elyvilon
Fedhas
Gozag
Hepliaklqana
Kikubaaqudgha
Nemelex Xobeh
Okawaru
Qazlal
Ru
Sif Muna
Uskayaw
Vehumet
Wu Jian
Yredelemnul
Zin
The Shining One

Shops:
D:6 :

Annotations:
D:3 1 runed translucent door


Innate Abilities, Weirdness & Mutations

You cannot wear most types of armour.
You are amphibious.
You can wear up to eight rings at the same time.
Your skin changes colour to match your surroundings (Stealth+).
Your rubbery body absorbs attacks. (AC +1, EV +1)
((You are camouflaged when in or above water. (Stealth+)))
You have tentacles for arms and can constrict up to eight enemies at once.
You are clumsy. (Dex -2)
Your flesh is heat resistant. (rF+)
You have an increased reservoir of magic. (+10% MP)
Your system is resistant to poisons. (rPois)


Message History

The yak is almost dead.
The yak barely misses you.
You hit the yak. You squeeze the yak.
You kill the yak!
Vehumet accepts your kill.
You feel your power returning.
Your Earth Magic skill increases to level 2!
Casting: Iskenderun's Mystic Blast (dangerous; 1% risk of failure)
Confirm with . or Enter, or press ? or * to list all spells.
Aiming: Magic Dart (safe; 1% risk of failure)
Press: ? - help, Shift-Dir - straight line, f - yak
Aim: a yak (almost dead, 100% to hit)
The magic dart hits the yak.
The yak is almost dead.
Casting: Magic Dart (safe; 1% risk of failure)
Confirm with . or Enter, or press ? or * to list all spells.
Aiming: Magic Dart (safe; 1% risk of failure)
Press: ? - help, Shift-Dir - straight line, f/p - yak
Aim: a yak (almost dead, 100% to hit)
The magic dart hits the yak but does no damage.
The yak is almost dead.
The yak gores you!
Casting: Magic Dart (safe; 1% risk of failure)
Confirm with . or Enter, or press ? or * to list all spells.
Aiming: Magic Dart (safe; 1% risk of failure)
Press: ? - help, Shift-Dir - straight line, f/p - yak
Aim: a yak (almost dead, 100% to hit)
The magic dart hits the yak.
The yak is almost dead.
The yak gores you.
* * * LOW HITPOINT WARNING * * *
Casting: Magic Dart (safe; 1% risk of failure)
Confirm with . or Enter, or press ? or * to list all spells.
Aiming: Magic Dart (safe; 1% risk of failure)
Press: ? - help, Shift-Dir - straight line, f/p - yak
Aim: a yak (almost dead, 100% to hit)
The magic dart hits the yak but does no damage.
The yak is almost dead.
The yak gores you!
You die...

#. #..#######........ #..
#..# #..###...
#..#####..#######........
#.....................[..
#........#######.........
#........'.....#.........
#....#...#.....#.........
#....#...#.....#.........
#.......@#.....#.###.....
#.......Y#.....#.###...>.
#......†.#.....#.........
#........#.....#####+####
#..#####.#...... #..# #.#
#..# #.# #..#####(#
#........#+####


You could see a yak.

Vanquished Creatures
  A two-headed ogre (D:9)
  Joseph (D:7)
  A steam dragon (D:9)
  5 yaks (D:9)
  A water moccasin (D:6)
  2 sky beasts
  4 orc warriors
  A centaur (D:5)
  3 kobold brigands
  2 phantoms
  A bullfrog (D:8)
  A gnoll sergeant (D:8)
  2 scorpions
  6 wights
  8 killer bees
  3 electric eels (D:9)
  3 hounds
  4 orc priests
  A gnoll bouda (D:8)
  Terence (D:2)
  3 iguanas
  3 orc wizards
  8 gnolls (D:8)
  4 adders
  2 white imps
  2 ufetubi (D:5)
  3 worms
  A dart slug (D:3)
  34 orcs
  15 ball pythons
  9 bats
  11 endoplasms
  2 giant cockroaches
  8 goblins
  5 hobgoblins
  2 jackals (D:1)
  5 quokkas
  A frilled lizard (D:3)
  A jackal zombie (D:3)
  25 kobolds
  7 rats
202 creatures vanquished.

Vanquished Creatures (collateral kills)
  A troll (D:9)
  2 killer bees (D:9)
3 creatures vanquished.

Vanquished Creatures (others)
  10 demonic plants (D:1)
  13 fungi (D:1)
  25 plants
  5 withered plants (D:1)
53 creatures vanquished.

Grand Total: 258 creatures vanquished

Notes
Turn   | Place    | Note
-------+----------+-------------------------------------------
     0 | D:1      | raistware the Octopode Conjurer began the quest for the
                  | Orb.
     0 | D:1      | Reached XP level 1. HP: 11/11 MP: 3/3
   356 | D:1      | Reached XP level 2. HP: 17/17 MP: 0/5
   867 | D:1      | Found a faded altar of an unknown god.
   883 | D:1      | Reached XP level 3. HP: 17/21 MP: 4/7
  1551 | D:2      | You fall into a shaft and drop 2 floors!
  2086 | D:3      | Reached XP level 4. HP: 27/27 MP: 5/9
  2094 | D:3      | Learned a level 4 spell: Iskenderun's Mystic Blast
  2184 | D:3      | Found a runed translucent door.
  2185 | D:3      | Noticed a human
  2190 | D:3      | Found a basalt altar of Yredelemnul.
  2411 | D:2      | Reached skill level 1 in Translocations
  3207 | D:2      | Noticed Terence
  3221 | D:2      | Killed Terence
  3222 | D:2      | Reached XP level 5. HP: 31/31 MP: 0/11
  3482 | D:3      | Found a hazy altar of Hepliaklqana.
  3871 | D:3      | Reached skill level 5 in Conjurations
  4144 | D:4      | Reached XP level 6. HP: 6/36 MP: 7/12
  4631 | D:4      | Noticed a sky beast
  4877 | D:4      | Reached skill level 6 in Conjurations
  4908 | D:4      | Found a sacrificial altar of Ru.
  5027 | D:4      | Killed a sky beast
  5140 | D:5      | Entered Level 5 of the Dungeon
  5295 | D:5      | Reached skill level 7 in Conjurations
  5295 | D:5      | Reached XP level 7. HP: 9/41 MP: 4/13
  5641 | D:5      | Found a sparkling altar of Nemelex Xobeh.
  5664 | D:5      | Identified the +8 dagger of Pogruaha {speed, rPois rN+}
  6377 | D:6      | Reached skill level 8 in Conjurations
  6420 | D:6      | Found Ziblopnais's Book Boutique.
  6523 | D:6      | Reached XP level 8. HP: 17/46 MP: 1/15
  6719 | D:6      | Reached skill level 5 in Spellcasting
  7690 | D:6      | Found a staircase to the Ecumenical Temple.
  7699 | Temple   | Entered the Ecumenical Temple
  7724 | Temple   | Became a worshipper of Vehumet
  7764 | D:6      | Found an ornate altar of the Wu Jian Council.
  7775 | D:6      | Gained mutation: You are clumsy. (Dex -2) [potion of
                  | mutation]
  7775 | D:6      | Gained mutation: Your system is resistant to poisons.
                  | (rPois) [potion of mutation]
  7775 | D:6      | Gained mutation: Your flesh is heat resistant. (rF+)
                  | [potion of mutation]
  7775 | D:6      | Gained mutation: You have an increased reservoir of magic.
                  | (+10% MP) [potion of mutation]
  7845 | D:6      | Found a glowing golden altar of the Shining One.
  7854 | D:6      | Found a snail-covered altar of Cheibriados.
  7938 | D:6      | Learned a level 6 spell: Statue Form
  8215 | D:7      | Found a shimmering blue altar of Sif Muna.
  8238 | D:7      | Found a shadowy altar of Dithmenos.
  8248 | D:7      | Reached skill level 9 in Conjurations
  8829 | D:7      | Noticed Joseph
  8846 | D:7      | Killed Joseph
  8847 | D:7      | Reached skill level 10 in Conjurations
  8847 | D:7      | Reached XP level 9. HP: 35/51 MP: 10/19
  9251 | D:8      | Identified the ring "Opural" {Fire rN+ Str+3 Dex+2}
  9701 | D:8      | Reached skill level 11 in Conjurations
  9976 | D:8      | Found a blossoming altar of Fedhas.
 10071 | D:9      | Found a staircase to the Orcish Mines.
 10100 | D:9      | Noticed a troll
 10113 | D:9      | Reached * piety under Vehumet
 10113 | D:9      | Offered knowledge of Shock by Vehumet.
 10123 | D:9      | Killed a troll
 10458 | D:9      | Reached XP level 10. HP: 48/56 MP: 17/23
 10584 | D:9      | Noticed a two-headed ogre
 10606 | D:9      | Killed a two-headed ogre
 10607 | D:9      | Reached skill level 12 in Conjurations
 10983 | D:9      | Found a stormy altar of Qazlal.
 10991 | D:9      | Reached skill level 1 in Evocations
 10997 | D:9      | Reached skill level 1 in Earth Magic
 11040 | D:9      | Reached skill level 1 in Fighting
 11056 | D:9      | Slain by a yak

Illustrated notes

Levels and vault maps discovered:
D:1:      minmay_arrival_shattered_statue, layout_rooms,
          shapermc_ecumenical_altar_gd, serial_corexii_hall,
          chequers_hall_statues_corner_a, chequers_hall_statues_wall_a
D:2:      layout_loops_corners, minmay_tetromino_s2, uniq_terence
D:3:      layout_loops_ring, dk_yredelemnul_ordeal,
          nicolae_hepliaklqana_hippocampus
D:4:      layout_gridville, mainiacjoe_overflow_boulevard
D:5:      layout_basic, mainiacjoe_overflow_cross_hatched,
          mrwooster_statue_mirror, minmay_stone_trees_small
D:6:      layout_loops_ring, nicolae_wu_jian_glorious_leap,
          mainiacjoe_overflow_swirl, minmay_temple_entry_overgrown,
          serial_shops, shop, minmay_misc_feat_roman, grunt_decor_one_mirror
D:7:      layout_loops_cross, mainiacjoe_overflow_catwalk_spiral, serial_rivers,
          chequers_serial_rivers_marsh, chequers_serial_rivers_small_a,
          chequers_serial_rivers_small_b, chequers_serial_rivers_micro_d,
          uniq_joseph
D:8:      layout_basic, fedhas_altar_2
D:9:      lemuel_ice_statue, layout_stronghold, bloody_makhleb,
          nicolae_overflow_hidden_temple, serial_bayou_lagoon_b
Temple:   hellmonk_temple_two_chambers

Skill      XL: |  1  2  3  4  5  6  7  8  9 10 |
---------------+-------------------------------+-----
Spellcasting   | 3 4 6 7 8 |  8.6
Translocations | 2 |  2.0
Conjurations   | 5 7 8 10 11 12 | 12.0
Evocations     | 1 |  1.0
Earth Magic    | 2 |  2.2
Fighting       | 1 |  1.0
Dodging        | 3 |  3.0
Stealth        | |  2.6

Action                   |  1- 3 |  4- 6 |  7- 9 | 10-12 || total
-------------------------+-------+-------+-------+-------++-------
Melee: Unarmed           |    76 |     6 |       |       ||    82
       Constrict         |    45 |    11 |    20 |     4 ||    80
       Tentacles         |    23 |    13 |    27 |     7 ||    70
       Punch             |     3 |       |     3 |       ||     6
       Short sword       |       |    34 |     8 |       ||    42
       Dagger            |       |       |    86 |    28 ||   114
Throw: Dart              |       |       |       |     1 ||     1
 Cast: Magic Dart        |    89 |    98 |   147 |    35 ||   369
       Iskenderun's Myst |       |     4 |    16 |    10 ||    30
Evoke: Wand              |       |     2 |    31 |       ||    33
  Use: Scroll            |       |       |    16 |       ||    16
       Potion            |       |       |    10 |     1 ||    11
 Stab: Sleeping          |       |     1 |     2 |       ||     3
       Paralysed         |       |       |    14 |       ||    14
Armor: Skin              |     4 |     2 |     8 |       ||    14
Dodge: Dodged            |    10 |    39 |    55 |    12 ||   116
Block: Other             |       |       |    17 |     2 ||    19
       Reflection        |       |       |     4 |       ||     4
